 Dungeon Crawl Stone Soup version 0.30-a0-916-g9813417 (webtiles) character file.

Game seed: 17396820656922145249

2132 Dorkslayer the Chopper (level 9, 0/54 HPs)
             Began as a Gargoyle Fighter on Apr 20, 2023.
             Slain by an acid dragon (4 damage)
             ... on level 7 of the Dungeon on Apr 21, 2023.
             The game lasted 00:21:31 (5014 turns).

Dorkslayer the Chopper (Gargoyle Fighter)           Turns: 5014, Time: 00:21:31

Health: 0/54       AC:  8    Str: 21    XL:     9   Next: 30%
Magic:  9/9        EV:  7    Int: 10    God:
Gold:   281        SH:  8    Dex: 11    Spells: 8/8 levels left

rFire   . . .      SeeInvis .    a - +1 war axe (venom)
rCold   + . .      Faith    .    l - +0 kite shield
rNeg    + . .      Spirit   .    A - +0 chain mail
rPois   ∞          Reflect  .    (no helmet)
rElec   +          Rampage  .    (no cloak)
rCorr   .                        (no gloves)
Will    .....                    (no boots) Stlth
                                 B - amulet of the acrobat
HPRegen 0.29/turn                s - ring of protection from cold
MPRegen 0.11/turn                o - +4 ring of slaying

@: corroded
A: sickness immunity, AC +6, negative energy resistance 1, electricity
resistance, torment resistance 1, petrification resistance
a: no special abilities


You were on level 7 of the Dungeon.
You visited 1 branch of the dungeon, and saw 7 of its levels.

You collected 435 gold pieces.
You spent 154 gold pieces at shops.

Inventory:

Hand Weapons
 a - a +1 war axe of venom (weapon)
Missiles
 p - 12 javelins (quivered)
Armour
 l - a +0 kite shield (worn)
 A - a +0 chain mail (worn)
Jewellery
 e - a ring of magical power
 o - a +4 ring of slaying (right hand)
 s - a ring of protection from cold (left hand)
 B - an amulet of the acrobat (around neck)
Wands
 k - a wand of flame (9)
 r - a wand of mindburst (18)
 C - a wand of digging (6)
Scrolls
 g - a scroll of silence
 j - 2 scrolls of blinking
 y - a scroll of immolation
Potions
 b - a potion of curing
 d - a potion of ambrosia {unknown}
 f - 3 potions of mutation
 h - a potion of might
 i - a potion of invisibility
 q - 2 potions of berserk rage
 t - a potion of lignification
 u - 2 potions of flight {unknown}
 z - a potion of brilliance {unknown}


   Skills:
 + Level 5.5 Fighting
 + Level 7.2 Axes
 + Level 0.6 Throwing
 + Level 6.2 Armour
 + Level 2.0 Dodging
 + Level 1.2 Stealth
 + Level 4.6 Shields
 * Level 4.3 Evocations


You had 8 spell levels left.
You didn't know any spells.
Your spell library contained the following spells:

 Spells                   Type           Power      Damage    Failure   Level
 Sandblast                Erth           0%         2d4       100%        1
 Passwall                 Tmut/Erth      0%         N/A       100%        2
 Call Canine Familiar     Summ           0%         N/A       100%        3
 Portal Projectile        Hex/Tloc       0%         N/A       100%        3
 Stone Arrow              Conj/Erth      0%         3d7       100%        3
 Leda's Liquefaction      Hex/Erth       0%         N/A       100%        4


Dungeon Overview and Level Annotations

Branches:
Dungeon (7/15)
 Temple: D:4-7

Altars:

Shops:
D:1 !   D:3 =   D:6 *   D:7 =


Innate Abilities, Weirdness & Mutations

You are immune to sickness and miasma.
Your stone body is resilient. (AC +6)
You are immune to poison.
You resist negative energy. (rN+)
You are resistant to electric shocks. (rElec)
You are resistant to unholy torment.
You are immune to petrification.


Message History

Found an escape hatch in the ceiling.
An acid dragon comes into view.
The acid dragon roars!
You slash the scorpion!
The scorpion is poisoned.
The scorpion is severely wounded.
You kill the scorpion!
The acid dragon spits acid at you. The splash of acid hits you!!
The acid corrodes you! You block the acid dragon's attack.
The acid dragon claws you.
A jelly comes into view.
The jelly quivers.
You hit the acid dragon but do no damage.
The acid dragon bites you but does no damage.
You block the acid dragon's attack.
You slash the acid dragon!
The acid dragon is moderately wounded.
The acid dragon closely misses you.
The acid dragon claws you but does no damage.
The acid dragon bites you but does no damage.
You block the acid dragon's attack.
You hit the acid dragon.
The acid dragon is heavily wounded.
The acid dragon spits acid at you. The splash of acid hits you!
* * * LOW HITPOINT WARNING * * *
The acid corrodes you!
You hear a shout! x3
You hit the acid dragon but do no damage.
The acid dragon is poisoned.
The acid dragon is heavily wounded.
The acid dragon barely misses you. The acid dragon claws you.
* * * LOW HITPOINT WARNING * * *
The acid dragon closely misses you. You block the acid dragon's attack.
Okay, then.
You hit the acid dragon.
The acid dragon is severely wounded.
You hit the jelly.
Your hands burn!
* * * LOW HITPOINT WARNING * * *
The acid dragon bites you.
You die...

## ## ###### #.. #.##
#.##.## #...#..#
##.#...# . ....##
#......# ##. #..###
##.#..###
#..###/...###.......#
#................###
##.......#......#####
#...@...##.......##.#
....<.DJ.......#....#...
..............###.......
............### #.......
.............. #..#####
....#........## #..# #
....##.......# #.## .
... ........# #.. .. ##.
...


You could see an acid dragon (very poisoned, catching breath) and a jelly.

Vanquished Creatures
  A komodo dragon (D:5)
  A vampire mosquito (D:5)
  2 black bears
  2 centaurs
  2 ogres
  6 scorpions
  A gnoll sergeant (D:6)
  A howler monkey (D:6)
  5 orc priests
  A hound (D:6)
  3 jellies
  A sleepcap (D:5)
  Ijyb (D:5)
  Jessica (D:2)
  4 orc wizards
  3 iguanas
  7 gnolls
  7 adders
  4 ufetubi
  2 dart slugs (D:4)
  20 orcs
  2 bats
  3 endoplasms
  3 giant cockroaches
  5 goblins
  13 hobgoblins
  9 jackals (D:2)
  12 kobolds
  5 quokkas
  6 ball pythons
  8 frilled lizards
  9 rats
150 creatures vanquished.

Vanquished Creatures (others)
  A ball python (D:1)
1 creature vanquished.

Grand Total: 151 creatures vanquished

Notes
Turn   | Place    | Note
-------+----------+-------------------------------------------
     0 | D:1      | Dorkslayer the Gargoyle Fighter began the quest for the
                  | Orb.
     0 | D:1      | Reached XP level 1. HP: 14/14 MP: 1/1
    20 | D:1      | Found Xyloc's Distillery.
   226 | D:1      | Reached XP level 2. HP: 12/19 MP: 2/2
   575 | D:2      | Reached skill level 2 in Axes
   575 | D:2      | Reached XP level 3. HP: 16/23 MP: 3/3
   592 | D:2      | Reached skill level 1 in Dodging
   843 | D:2      | Reached XP level 4. HP: 29/29 MP: 4/4
   861 | D:2      | Noticed Jessica
   874 | D:2      | Killed Jessica
  1356 | D:2      | Reached XP level 5. HP: 29/33 MP: 5/5
  1609 | D:3      | Reached skill level 3 in Axes
  1963 | D:3      | Found Qemarph's Jewellery Shop.
  2016 | D:3      | Reached XP level 6. HP: 38/38 MP: 6/6
  2040 | D:3      | Reached skill level 1 in Evocations
  2807 | D:4      | Noticed a black bear
  2813 | D:4      | Killed a black bear
  2814 | D:4      | Reached skill level 4 in Axes
  2850 | D:4      | Reached XP level 7. HP: 27/44 MP: 7/7
  3211 | D:5      | Entered Level 5 of the Dungeon
  3646 | D:5      | Noticed Ijyb
  3662 | D:5      | Killed Ijyb
  3663 | D:5      | Reached skill level 5 in Axes
  3695 | D:5      | Noticed a komodo dragon
  3695 | D:5      | Noticed a vampire mosquito
  3700 | D:5      | Killed a vampire mosquito
  3701 | D:5      | Reached skill level 5 in Armour
  3701 | D:5      | Reached XP level 8. HP: 42/48 MP: 8/8
  3710 | D:5      | Killed a komodo dragon
  3711 | D:5      | Reached skill level 5 in Fighting
  3845 | D:5      | Reached skill level 6 in Axes
  3945 | D:5      | Reached skill level 1 in Stealth
  4278 | D:6      | Reached XP level 9. HP: 54/54 MP: 9/9
  4617 | D:6      | Found Eckusory's General Store.
  4640 | D:6      | Bought a potion of might for 60 gold pieces
  4640 | D:6      | Bought a wand of flame (9) for 94 gold pieces
  4651 | D:6      | Reached skill level 7 in Axes
  4920 | D:7      | Found Iloriw's Jewellery Shoppe.
  4933 | D:7      | Found the +7 Throatcutter {drain, coup de grace}
  5014 | D:7      | Slain by an acid dragon

Illustrated notes

Levels and vault maps discovered:
D:1:      wander_arrival_estate, layout_rooms, serial_shops, nicolae_shop_stone,
          lemuel_flame_loot_1
D:2:      kennysheep_six_static_rooms, layout_loops_corners,
          dreamdust_wishing_well, minmay_pentomino_z4, uniq_jessica
D:3:      layout_basic, serial_shops, nicolae_shop_waterfront
D:4:      layout_loops_ring, minmay_cupped
D:5:      layout_gridville, minmay_small_thing, uniq_ijyb
D:6:      layout_rooms, serial_shops, shop, kennysheep_small_spiral,
          kennysheep_minor_cross
D:7:      layout_cave_pools, minmay_temple_entry_gardened_gates, serial_shops,
          shop, minmay_manual_mandibuliform

Skill      XL: |  1  2  3  4  5  6  7  8  9 |
---------------+----------------------------+-----
Axes           | 2 3 4 5 6 7 |  7.2
Dodging        | 1 2 |  2.0
Armour         | 4 5 6 |  6.2
Fighting       | 4 5 |  5.5
Evocations     | 1 2 4 |  4.3
Shields        | 4 |  4.6
Stealth        | 1 |  1.2
Throwing       | |  0.6

Action                     |  1- 3 |  4- 6 |  7- 9 || total
---------------------------+-------+-------+-------++-------
  Melee: War axe           |   121 |   154 |   160 ||   435
  Throw: Javelin           |       |     4 |    10 ||    14
    Use: Scroll            |     2 |     4 |    11 ||    17
         Potion            |       |       |     5 ||     5
   Stab: Invisible         |       |       |     1 ||     1
 Armour: Scale mail        |    75 |    75 |       ||   150
         Chain mail        |       |    18 |   125 ||   143
  Dodge: Dodged            |    82 |    82 |   100 ||   264
  Block: Buckler           |    38 |    25 |    41 ||   104
         Kite shield       |       |       |    21 ||    21

Table legend: (Time is in decaauts)
 A = Elapsed time spent in this place.
 B = Non-inter-level travel time spent in this place.
 C = Inter-level travel time spent in this place.
 D = Time resting spent in this place.
 E = Time spent auto-exploring this place.
 F = Levels seen in this place.
 G = Mean time per level.
                   A        B        C        D        E       F      G
               +--------+--------+--------+--------+--------+-----+--------+
         Total |   5175 |   5175 |      0 |     89 |   2182 |   7 |  739.3 |
       Dungeon |   5175 |   5175 |      0 |     89 |   2182 |   7 |  739.3 |
               +--------+--------+--------+--------+--------+-----+--------+

Top non-repeatable levels by time:
     D:2: 1103 daAuts
     D:3: 1013 daAuts
     D:5: 902 daAuts
     D:6: 819 daAuts
     D:4: 632 daAuts
     D:1: 577 daAuts
     D:7: 126 daAuts
